 Dungeon Crawl Stone Soup version 0.26-a0-651-gb41185065b (webtiles) character file.

Game seed: 1808959019902157189

55 Ozzies the Skirmisher (level 3, 0/24 HPs)
             Began as a Gargoyle Fighter on Oct 14, 2020.
             Slain by a goblin
             ... wielding a +0 club
             ... led by Robin
              (3 damage)
             ... on level 2 of the Dungeon.
             The game lasted 00:01:23 (900 turns).

Ozzies the Skirmisher (Gargoyle Fighter)             Turns: 900, Time: 00:01:23

Health: 0/24       AC: 12    Str: 20    XL:     3   Next: 93%
Magic:  3/3        EV:  5    Int:  8    God:
Gold:   63         SH:  9    Dex:  9    Spells: 2/2 levels left

rFire    . . .     SeeInvis .   f - +0 dagger (vamp)
rCold    . . .     Faith    .   c - +0 kite shield
rNeg     + . .     Spirit   .   o - +0 chain mail
rPois    ∞         Reflect  .   (no helmet)
rElec    +         Harm     .   (no cloak)
rCorr    .         Rampage  .   (no gloves)
MR       .....                  (no boots)
Stlth    ..........             (no amulet)
HPRegen  0.08/turn              (no ring)
MPRegen  0.08/turn              (no ring)

@: no status effects
A: negative energy resistance 1, electricity resistance, unbreathing,
petrification resistance, rot immunity, AC +3
a: no special abilities


You were on level 2 of the Dungeon.
You visited 1 branch of the dungeon, and saw 2 of its levels.

You collected 63 gold pieces.

Inventory:

Hand Weapons
 a - a +0 flail
 f - a +0 vampiric dagger (weapon)
Missiles
 j - 31 stones (quivered)
 q - 11 sling bullets
Armour
 b - a +0 scale mail
 c - a +0 kite shield (worn)
 o - a +0 chain mail (worn)
Jewellery
 g - a +6 ring of dexterity {unknown}
 n - a cursed amulet of inaccuracy {unknown}
Scrolls
 h - 2 scrolls of identify {unknown}
 l - a scroll of magic mapping {unknown}
 p - a scroll of fear {unknown}
Potions
 d - a potion of might {@q3 !q}
 e - a potion of curing {unknown}
 i - a potion of lignification {unknown}
 k - 2 potions of heal wounds {unknown}
 m - a potion of brilliance {unknown}


   Skills:
 * Level 4.6 Fighting
 + Level 1.4 Short Blades
 - Level 2.0 Maces & Flails
 - Level 3.2 Armour
 - Level 3.2 Shields


You had 2 spell levels left.
You didn't know any spells.
Your spell library was empty.

Dungeon Overview and Level Annotations

Branches:
Dungeon (2/15)

Altars:

Annotations:
D:2 Robin


Innate Abilities, Weirdness & Mutations

You are resistant to torment.
Your stone body is resilient. (AC +3)
You are immune to poison.
You resist negative energy. (rN+)
You are resistant to electric shocks. (rElec)
You can survive without breathing.
You are immune to petrification.
You are immune to rotting.


Message History

You block the hobgoblin's attack. The goblin hits you but does no damage.
Robin hits you but does no damage. You block the goblin's attack.
You closely miss Robin.
Robin is lightly wounded.
The goblin barely misses you. The hobgoblin barely misses you.
Robin throws the goblin at you! The goblin hits you but does no damage.
The goblin hits you with a +0 club. The goblin hits you but does no damage.
You hit Robin.
You feel better.
Robin is lightly wounded.
The hobgoblin hits you but does no damage.
Robin throws the goblin at you!
The goblin hits you but does no damage. x2
You block the goblin's attack. The goblin hits you with a +0 dagger.
You are too injured to fight recklessly!
You are too injured to fight recklessly!
You are too injured to fight recklessly!
You are too injured to fight recklessly!
You are too injured to fight recklessly!
You are too injured to fight recklessly!
You are too injured to fight recklessly!
You are too injured to fight recklessly!
You are too injured to fight recklessly!
You are too injured to fight recklessly!
You are too injured to fight recklessly!
You are too injured to fight recklessly!
You are too injured to fight recklessly!
You are too injured to fight recklessly!
You are too injured to fight recklessly!
You are too injured to fight recklessly!
You are too injured to fight recklessly!
You are too injured to fight recklessly!
You are too injured to fight recklessly!
You are too injured to fight recklessly!
You are too injured to fight recklessly!
You are too injured to fight recklessly!
You closely miss Robin.
Robin is lightly wounded.
The hobgoblin no longer looks unusually strong.
You block the hobgoblin's attack.
Robin roars a battlecry!
The hobgoblin goes into a battle-frenzy!
You block the goblin's attack. x2; The goblin hits you but does no damage. x2
You hit Robin.
Robin is moderately wounded.
You block the hobgoblin's attack. The goblin hits you but does no damage.
You block the goblin's attack. The goblin barely misses you.
The goblin hits you but does no damage.
You closely miss Robin.
Robin is moderately wounded.
The goblin no longer looks unusually strong.
The hobgoblin hits you but does no damage.
The goblin hits you but does no damage. x3; You block the goblin's attack.
You hit Robin but do no damage.
Robin is moderately wounded.
The hobgoblin no longer looks unusually strong.
The goblin no longer looks unusually strong. x2
Robin roars a battlecry!
The goblins go into a battle-frenzy!
The goblin barely misses you.
The hobgoblin hits you but does no damage.
The goblin hits you but does no damage. x3
You hit Robin.
You feel better.
Robin is moderately wounded.
The goblin no longer looks unusually strong.
You block Robin's attack. The goblin hits you.
You block the hobgoblin's attack. The goblin barely misses you.
The goblin hits you but does no damage. x2
You hit Robin.
Robin is heavily wounded.
The hobgoblin no longer looks unusually strong.
You block Robin's attack. You block the goblin's attack.
The hobgoblin barely misses you. The goblin hits you but does no damage.
The goblin completely misses you. The goblin barely misses you.
You hit Robin but do no damage.
Robin is heavily wounded.
The goblin hits you but does no damage. You block Robin's attack.
The hobgoblin hits you with a +0 club.
* * * LOW HITPOINT WARNING * * *
You block the goblin's attack. The goblin closely misses you.
The goblin hits you but does no damage.
You hit Robin but do no damage.
Robin is heavily wounded.
The goblin hits you.
* * * LOW HITPOINT WARNING * * *
The hobgoblin hits you but does no damage.
You block the goblin's attack.
The goblin hits you but does no damage. x2
You hit Robin.
Robin is severely wounded.
The goblin no longer looks unusually strong. x2
The goblin hits you but does no damage. You block the goblin's attack.
The hobgoblin barely misses you.
You hit Robin but do no damage.
Robin is severely wounded.
The goblin hits you but does no damage. You block the goblin's attack.
The goblin hits you but does no damage. Robin hits you but does no damage.
The goblin hits you but does no damage.
The hobgoblin hits you but does no damage.
You closely miss Robin.
Robin is severely wounded.
You block the goblin's attack. x2; The goblin hits you with a +0 club.
You die... ......# ....#.### .. ....# ... #.## ....# #.# ...# ....# #.# ...# .#### #.# ...#### ..#.###.## gg.....

...#....<########gg.##..
..##..###.##...g@gg.....
...<.#.###....†ggg......
..#.#.## ##.............
.....## #.###.#[..#...
..#.## #.# #.#.......
.##..# .## #.#...#..#
.####.# .# #.#...#... .#
#...# #.#...# ## .. ..#
#......


You could see Robin, 3 hobgoblins and 6 goblins.

Vanquished Creatures
  An adder (D:2)
  An ooze (D:1)
  A worm (D:2)
  A dart slug (D:1)
  8 bats
  2 giant cockroaches (D:1)
  4 hobgoblins (D:1)
  A quokka (D:2)
  3 frilled lizards (D:1)
  7 goblins
  4 kobolds
33 creatures vanquished.

Notes
Turn   | Place    | Note
-------+----------+-------------------------------------------
     0 | D:1      | Ozzies the Gargoyle Fighter began the quest for the Orb.
     0 | D:1      | Reached XP level 1. HP: 14/14 MP: 1/1
   175 | D:1      | Reached XP level 2. HP: 20/20 MP: 2/2
   306 | D:1      | Reached skill level 4 in Fighting
   341 | D:1      | Reached skill level 1 in Short Blades
   453 | D:1      | Reached XP level 3. HP: 23/24 MP: 3/3
   872 | D:2      | Noticed Robin
   900 | D:2      | Slain by a goblin

Illustrated notes

Levels and vault maps discovered:
D:1:      dpeg_arrival_windows_large_door, layout_basic
D:2:      layout_loops_cross, chequers_ecumenical_altar_island,
          uniq_crazy_yiuf_cottage, uniq_robin

Skill      XL: |  1  2 |
---------------+-------+-----
Fighting       | 4 |  4.6
Short Blades   | 1 |  1.4
Maces & Flails | |  2.0
Armour         | |  3.2
Shields        | |  3.2

Action                   || total
-------------------------++-------
Melee: Dagger            ||   230
       Flail             ||     1
Armor: Scale mail        ||   100
       Chain mail        ||    53
Dodge: Dodged            ||    97
Block: Kite shield       ||   146

Table legend: (Time is in decaauts)
 A = Elapsed time spent in this place.
 B = Non-inter-level travel time spent in this place.
 C = Inter-level travel time spent in this place.
 D = Time resting spent in this place.
 E = Time spent auto-exploring this place.
 F = Levels seen in this place.
 G = Mean time per level.
                   A        B        C        D        E       F      G
               +--------+--------+--------+--------+--------+-----+--------+
         Total |    909 |    863 |     46 |      0 |    499 |   2 |  454.5 |
       Dungeon |    909 |    863 |     46 |      0 |    499 |   2 |  454.5 |
               +--------+--------+--------+--------+--------+-----+--------+

Top non-repeatable levels by time:
     D:1: 707 daAuts
     D:2: 201 daAuts
